 Dungeon Crawl Stone Soup version 0.30-a0-528-g8c47a4955b (webtiles) character file.

Game seed: 13541207582707373617

139 PyroL the Insei (level 5, -1/33 HPs)
             Began as an Octopode Transmuter on Dec 23, 2022.
             Splashed by a jelly's acid (9 damage)
             ... on level 4 of the Dungeon.
             The game lasted 00:05:41 (2416 turns).

PyroL the Insei (Octopode Transmuter)               Turns: 2416, Time: 00:05:42

Health: -1/33      AC: -11   Str:  9    XL:     5   Next: 22%
Magic:  5/8        EV: 13    Int: 23    God:
Gold:   155        SH:  0    Dex: 13    Spells: 2/8 levels left

rFire   . . .      SeeInvis .      - Unarmed
rCold   . . .      Faith    .    (no shield)
rNeg    . . .      Spirit   .    (helmet currently unavailable)
rPois   .          Reflect  .    (no amulet)
rElec   .          Harm     .    c - +6 ring of intelligence
rCorr   .          Rampage  .    (no ring)
Will    .....                    (no ring)
Stlth   ++                       (no ring)
HPRegen 0.25/turn                (no ring)
MPRegen 0.11/turn                (no ring)
                                 (no ring)
                                 (no ring)

@: appendages, wereblooded, corroded
A: tentacle spike 3, almost no armour, amphibious, 8 rings, camouflage 1,
gelatinous body 1, (nimble swimmer 1), tentacles
a: End Transformation


You were on level 4 of the Dungeon.
One of your tentacles had grown a beastly spike.
You visited 1 branch of the dungeon, and saw 4 of its levels.

You collected 155 gold pieces.

Inventory:

Jewellery
 c - a +6 ring of intelligence (left tentacle)
Scrolls
 b - a scroll of enchant weapon {unknown}
 d - 2 scrolls of magic mapping {unknown}
 e - 2 scrolls of poison {unknown}
 f - 2 scrolls of fog {unknown}
 g - a scroll of fear
 h - a scroll of immolation {unknown}
 l - a scroll of silence
 m - a scroll of vulnerability {unknown}
 p - 2 scrolls of amnesia {unknown}
 s - a scroll of identify
Potions
 a - a potion of lignification
 j - 2 potions of mutation
 k - a potion of ambrosia
 n - a potion of invisibility {unknown}
 o - a potion of degeneration {unknown}
 q - a potion of berserk rage {unknown}
 r - a potion of brilliance {unknown}


   Skills:
 - Level 1.0 Fighting
 - Level 2.0 Dodging
 - Level 5.0 Unarmed Combat
 - Level 2.0 Spellcasting
 + Level 2.9 Transmutations
 + Level 1.9 Poison Magic


You had 2 spell levels left.
You knew the following spells:

 Your Spells              Type           Power      Damage    Failure   Level
a - Beastly Appendage     Tmut           30%        N/A       4%          1
b - Wereblood             Tmut           15%        N/A       6%          2
c - Spider Form           Tmut/Pois      13%        N/A       14%         3

Your spell library contained the following spells:

 Spells                   Type           Power      Damage    Failure   Level
 Ensorcelled Hibernation  Hex/Ice        4%         N/A       19%         2
 Ice Form                 Ice/Tmut       8%         N/A       56%         4
 Anguish                  Hex/Necr       1%         N/A       77%         4


Dungeon Overview and Level Annotations

Branches:
Dungeon (4/15)
 Temple: D:4-7

Altars:
The Shining One


Innate Abilities, Weirdness & Mutations

One of your tentacles has grown a beastly spike.
You cannot wear most types of armour.
You are amphibious.
You can wear up to eight rings at the same time.
Your skin changes colour to match your surroundings (Stealth+).
Your rubbery body absorbs attacks. (AC +1, EV +1)
((You are camouflaged when in or above water. (Stealth+)))
You have tentacles for arms and can constrict up to eight enemies at once.


Message History

Your transformation is almost over.
The jelly quivers.
Casting: Beastly Appendage (safe; 4% risk of failure)
Confirm with . or Enter, or press ? or * to list all spells.
Your blood is infused with primal strength.
The helpless endoplasm fails to defend itself.
You tentacle-slap the endoplasm.
You pierce the endoplasm, but do no damage.
The endoplasm is heavily wounded.
You tentacle-slap the endoplasm.
You kill the endoplasm!
The jelly hits you.
You are splashed with acid!
You tentacle-slap the jelly. The acid corrodes you!
Your tentacles burn!
You pierce the jelly, but do no damage.
The jelly is moderately wounded.
Your tentacle spike disappears.
The jelly hits you.
You are splashed with acid!
* * * LOW HITPOINT WARNING * * *
You tentacle-slap the jelly. The acid corrodes you!
Your tentacles burn!
* * * LOW HITPOINT WARNING * * *
You squeeze the jelly.
The jelly is severely wounded.
The jelly misses you.
You tentacle-slap the jelly but do no damage.
Your tentacles burn!
* * * LOW HITPOINT WARNING * * *
The jelly is severely wounded.
The jelly hits you.
* * * LOW HITPOINT WARNING * * *
The acid corrodes you!
You are splashed with acid.
* * * LOW HITPOINT WARNING * * *
You feel better. The jelly misses you.
You are too injured to fight recklessly!
Casting: Wereblood (safe; 6% risk of failure)
Confirm with . or Enter, or press ? or * to list all spells.
One of your tentacles grows a vicious spike.
The jelly hits you.
* * * LOW HITPOINT WARNING * * *
You are splashed with acid!
You die...

#.# ###### #.# #.....
#.#### ### #.####
#.##.. ..# #.####
##.##.####.# #.#... #
...#.#..#.###.#.#.
#.#..#.#......#.#.#.
#..@.#.#$##.#.#.#...
#.####J#.#.##...#...#.
...............>.#.#.#.
...#....#........#<..#.
##.###.....#..#####. #.
##.##.#........ ..
#.##.#.####### ##
..##.#........
......#########


You could see a jelly.

Vanquished Creatures
  Jessica (D:3)
  4 adders
  A worm (D:2)
  A dart slug (D:1)
  An orc (D:3)
  4 ball pythons
  5 endoplasms
  3 giant cockroaches (D:1)
  13 goblins
  6 hobgoblins
  2 kobolds (D:3)
  4 quokkas
  7 bats
  5 frilled lizards
  10 rats
67 creatures vanquished.

Notes
Turn   | Place    | Note
-------+----------+-------------------------------------------
     0 | D:1      | PyroL the Octopode Transmuter began the quest for the Orb.
     0 | D:1      | Reached XP level 1. HP: 13/13 MP: 3/3
   118 | D:1      | Reached XP level 2. HP: 12/18 MP: 3/5
   123 | D:1      | Learned a level 2 spell: Wereblood
   396 | D:1      | Reached skill level 4 in Unarmed Combat
   443 | D:1      | Reached XP level 3. HP: 23/23 MP: 4/6
   951 | D:2      | Reached XP level 4. HP: 28/28 MP: 5/7
  1136 | D:2      | Found a glowing golden altar of the Shining One.
  1505 | D:2      | Reached skill level 5 in Unarmed Combat
  1699 | D:3      | Noticed Jessica
  1703 | D:3      | Killed Jessica
  1704 | D:3      | Reached skill level 1 in Poison Magic
  1860 | D:3      | Reached XP level 5. HP: 33/33 MP: 4/8
  2168 | D:3      | Found a faded altar of an unknown god.
  2357 | D:3      | Learned a level 3 spell: Spider Form
  2414 | D:4      | HP: 1/33 [acid (6)]
  2416 | D:4      | Splashed by a jelly's acid

Illustrated notes

Levels and vault maps discovered:
D:1:      dpeg_arrival_court, layout_rooms, minmay_tromino_v4_b
D:2:      layout_loops_cross, basic_altar
D:3:      kennysheep_the_goblin_king, layout_loops_ring,
          hellmonk_ecumenical_altar_run_dry, uniq_jessica
D:4:      layout_basic, uniq_edmund, uniq_pikel

Skill      XL: |  1  2  3  4 |
---------------+-------------+-----
Unarmed Combat | 4 5 |  5.0
Poison Magic   | 1 |  1.9
Fighting       | |  1.0
Dodging        | |  2.0
Spellcasting   | |  2.0
Transmutations | |  2.9

Action                   |  1- 3 |  4- 6 || total
-------------------------+-------+-------++-------
Melee: Unarmed           |    72 |    61 ||   133
       Kick              |    21 |    20 ||    41
       Constrict         |    16 |     8 ||    24
       Tentacles         |    12 |     4 ||    16
       Punch             |     2 |       ||     2
 Cast: Beastly Appendage |    19 |    19 ||    38
       Wereblood         |     1 |     5 ||     6
  Use: Scroll            |       |     5 ||     5
       Potion            |       |     1 ||     1
 Stab: Sleeping          |     4 |     5 ||     9
Armor: Skin              |     6 |     2 ||     8
Dodge: Dodged            |    47 |    33 ||    80

Table legend: (Time is in decaauts)
 A = Elapsed time spent in this place.
 B = Non-inter-level travel time spent in this place.
 C = Inter-level travel time spent in this place.
 D = Time resting spent in this place.
 E = Time spent auto-exploring this place.
 F = Levels seen in this place.
 G = Mean time per level.
                   A        B        C        D        E       F      G
               +--------+--------+--------+--------+--------+-----+--------+
         Total |   2404 |   2326 |     78 |     90 |   1739 |   4 |  601.0 |
       Dungeon |   2404 |   2326 |     78 |     90 |   1739 |   4 |  601.0 |
               +--------+--------+--------+--------+--------+-----+--------+

Top non-repeatable levels by time:
     D:2: 910 daAuts
     D:1: 719 daAuts
     D:3: 717 daAuts
     D:4: 57 daAuts
